 Dungeon Crawl Stone Soup version 0.20.1-1-g8b1a95d (webtiles) character file.

431 vatarom the Bolt Thrower (level 7, -2/55 HPs)
             Began as a Formicid Hunter on Oct 4, 2017.
             Slain by Totori's ghost (6 damage)
             ... on level 4 of the Dungeon.
             The game lasted 00:05:44 (3228 turns).

vatarom the Bolt Thrower (Formicid Hunter)          Turns: 3228, Time: 00:05:44

Health: -2/55      AC:  3    Str: 18    XL:     7   Next: 19%
Magic:  7/7        EV: 13    Int: 10    God:
Gold:   146        SH:  0    Dex: 12    Spells: 6/6 levels left

rFire    . . .     SeeInvis +   a - +1 hand crossbow
rCold    . . .     Gourm    .   (no shield)
rNeg     . . .     Faith    .   c - +0 leather armour
rPois    .         Spirit   .   (helmet unavailable)
rElec    .         Reflect  .   (no cloak)
rCorr    .         Harm     .   (no gloves)
MR       .....                  (no boots)
Stlth    +.........             (no amulet)
Regen    0.2/turn               (no ring)
MPRegen  0.1/turn               (no ring)

@: no status effects
A: permanent stasis, dig shafts and tunnels, four strong arms, antennae 3
a: Dig, Shaft Self


You were on level 4 of the Dungeon.
You were hungry.

You visited 1 branch of the dungeon, and saw 4 of its levels.

You collected 146 gold pieces.

Inventory:

Hand Weapons
 a - a +1 hand crossbow (weapon)
 b - a +0 short sword
Missiles
 d - 5 bolts (quivered)
Armour
 c - a +0 leather armour (worn)
Wands
 m - a wand of acid (12/15)
Scrolls
 e - 2 scrolls of remove curse
 j - a scroll of identify
 n - a scroll of fear
 o - a scroll of enchant armour {unknown}
Potions
 g - a potion of ambrosia {unknown}
 h - a potion of lignification
 i - a potion of heal wounds
 l - 2 potions of curing
Comestibles
 f - 2 bread rations
 k - a royal jelly


   Skills:
 + Level 4.3 Fighting
 * Level 6.4 Crossbows
 + Level 3.4 Dodging
 - Level 1.2 Stealth


You had 6 spell levels left.
You didn't know any spells.

Dungeon Overview and Level Annotations

Branches:
Dungeon (4/15)
 Temple: D:4-7

Altars:

Annotations:
D:4 Totori's ghost, amateur MiHu


Innate Abilities, Weirdness & Mutations

You cannot be hasted, slowed, berserked, paralysed or teleported.
You can dig through walls and to a lower floor.
Your four strong arms can wield two-handed weapons with a shield.
You have a pair of large antennae on your head. (SInv)


Message History

You shoot a bolt. The bolt hits Totori's ghost.
Totori's ghost is almost destroyed.
Totori's ghost barely misses you.
Firing (i - inventory):
d - 7 bolts (quivered)
Press: ? - help, Shift-Dir - straight line, f/p - Totori's ghost
Aim: Totori's ghost, wielding a weapon of electrocution (almost destroyed)
You shoot a bolt.
The bolt hits Totori's ghost but does no damage.
Totori's ghost is almost destroyed.
Totori's ghost hits you.
Unknown command.
Firing (i - inventory):
d - 6 bolts (quivered)
Press: ? - help, Shift-Dir - straight line, f/p - Totori's ghost
Aim: Totori's ghost, wielding a weapon of electrocution (almost destroyed)
You shoot a bolt. The bolt barely misses Totori's ghost.
Totori's ghost hits you!
You are electrocuted!
* * * LOW HITPOINT WARNING * * *
Totori's ghost struggles to reload its weapon.
Totori's ghost hits you.
You die...

#((.# ###... #..... .
..(.
..######'################
........(................
........W................
.......(@................
.........†...............
.........................
...
+###'####'####'#####'####
... ... .... #...........
.. #.. .......
#...[....... .. #.
.........#..##...####
.##+###
.##.....##..######...
#....# #.....##..# #...


You could see Totori's ghost.

Vanquished Creatures
  3 scorpions (D:4)
  3 bullfrog skeletons (D:4)
  Natasha (twice) (D:2)
  A worker ant (D:4)
  4 adders
  2 worms
  3 dart slugs
  5 orcs
  A ball python (D:3)
  4 giant cockroaches
  8 goblins
  8 hobgoblins
  8 kobolds
  A quokka (D:2)
  10 bats
  10 frilled lizards
  12 rats
85 creatures vanquished.

Notes
Turn   | Place    | Note
-------+----------+-------------------------------------------
     0 | D:1      | vatarom the Formicid Hunter began the quest for the Orb.
     0 | D:1      | Reached XP level 1. HP: 16/16 MP: 1/1
   192 | D:1      | Reached XP level 2. HP: 23/23 MP: 2/2
   496 | D:1      | Reached XP level 3. HP: 28/28 MP: 3/3
  1144 | D:2      | Reached XP level 4. HP: 34/34 MP: 4/4
  1331 | D:2      | Noticed Natasha
  1340 | D:2      | Killed Natasha
  1340 | D:2      | Reached skill level 5 in Crossbows
  1564 | D:2      | Reached XP level 5. HP: 38/41 MP: 5/5
  1595 | D:2      | Noticed Natasha
  1603 | D:2      | Killed Natasha
  2698 | D:4      | Reached XP level 6. HP: 10/48 MP: 6/6
  2992 | D:4      | Reached skill level 6 in Crossbows
  3138 | D:4      | Reached XP level 7. HP: 52/54 MP: 7/7
  3216 | D:4      | Noticed Totori's ghost (amateur MiHu)
  3228 | D:4      | Slain by Totori's ghost

Skill      XL: |  1  2  3  4  5  6 |
---------------+-------------------+-----
Dodging        | 2 3 |  3.4
Fighting       | 3 4 |  4.3
Crossbows      | 5 6 |  6.4
Stealth        | |  1.2

Action                   |  1- 3 |  4- 6 |  7- 9 || total
-------------------------+-------+-------+-------++-------
 Fire: Hand crossbow     |    72 |   144 |    21 ||   237
 Abil: Dig               |       |     1 |       ||     1
  Use: Scroll            |     1 |     9 |       ||    10
       Potion            |       |     1 |       ||     1
  Eat: Chunk             |       |     4 |       ||     4
       Royal jelly       |       |     1 |       ||     1
Armor: Leather armour    |     7 |     9 |     1 ||    17
Dodge: Dodged            |    12 |    43 |     4 ||    59
